 Dungeon Crawl Stone Soup version 0.16-a0-3708-g05dc7d7 (console) character file.

1576 mauris the Basher (level 8, 0/56 HPs)
             Began as a Demonspawn Gladiator on Jan 19, 2015.
             Was an Initiate of Makhleb.
             Killed by divine providence
             ... invoked by an orc priest
             ... summoned by a shadow trap
              (12 damage)
             ... on level 6 of the Dungeon.
             The game lasted 00:28:16 (7849 turns).

mauris the Basher (Demonspawn Gladiator)            Turns: 7849, Time: 00:28:16

Health: 0/56       AC:  8    Str: 15    XL:     8   Next: 60%
Magic:  8/8        EV: 13    Int: 15    God:    Makhleb [......]
Gold:   199        SH:  2    Dex: 15    Spells: 0 memorised, 7 levels left

rFire  + . .     SeeInvis .     a - +2 long sword "Secret Weapon" {slice, -Tele rElec rF+ Int+4}
rCold  + . .     Clarity  .     B - +0 robe {rC+}
rNeg   . . .     SustAb   .     (no shield)
rPois  .         Gourm    .     c - +1 helmet
rElec  +         Spirit   .     o - +1 cloak
rCorr  .         Warding  .     (no gloves)
rMut   .         NoTele   +     (no boots)
MR     .....                    (no amulet)
Stlth  +.........               (no ring)
                                (no ring)

@: not resistant to hostile enchantments, very unstealthy
A: hooves 1, large bone plates 1, powered by pain 1, rot immunity
a: Renounce Religion


You were on level 6 of the Dungeon.
You worshipped Makhleb.
Makhleb was noncommittal.
You were not hungry.

You visited 2 branches of the dungeon, and saw 7 of its levels.

You collected 229 gold pieces.
You spent 30 gold pieces at shops.

Inventory:

Hand weapons
 a - the +2 long sword "Secret Weapon" (weapon) {slice, -Tele rElec rF+ Int+4}
   (You found it on level 4 of the Dungeon)

   It inflicts extra damage upon your enemies.
   It affects your intelligence (+4).
   It protects you from fire.
   It insulates you from electricity.
   It prevents most forms of teleportation.
 b - a +0 blowgun {@w1}
Missiles
 v - 44 poisoned needles
 y - 3 curare-tipped needles {!f}
 D - a throwing net (quivered)
Armour
 c - a +1 helmet (worn)
 o - a +1 cloak (worn)
 B - a +0 robe of cold resistance (worn)
Magical devices
 d - a wand of polymorph (11)
 j - a wand of heal wounds (4) {!d@v2}
 q - a wand of confusion (21)
Scrolls
 g - 3 scrolls of blinking
 k - 3 scrolls of magic mapping
 l - 3 scrolls of remove curse
 m - 2 scrolls of enchant armour
 t - 3 scrolls of enchant weapon
 u - a scroll of identify {@r1}
 A - a scroll of fog
Potions
 e - a potion of invisibility
 n - a potion of brilliance {unknown}
 p - a potion of restore abilities {unknown}
 s - a potion of resistance
 w - a potion of curing {@q1}
 z - a potion of ambrosia {unknown}
 C - a potion of cancellation {unknown}
Comestibles
 f - 4 bread rations
 h - 3 slices of pizza
 i - 3 beef jerkies
 r - 2 meat rations
 x - a chunk of flesh


   Skills:
 - Level 2.0 Fighting
 + Level 6.1 Long Blades
   Level 8.2 Maces & Flails
 - Level 1.7 Throwing
 - Level 2.6 Dodging


You had 7 spell levels left.
You didn't know any spells.

Dungeon Overview and Level Annotations

Branches:
Dungeon (6/15)             Temple (1/1) D:6

Altars:
Ashenzari
Dithmenos
Elyvilon
Gozag
Kikubaaqudgha
Makhleb
Nemelex Xobeh
Okawaru
Qazlal
Ru
Trog
Vehumet
Zin
The Shining One

Shops:
D:4 *:*}

Annotations:
D:2 Sigmund!


Innate Abilities, Weirdness & Mutations

You have large cloven feet.
You are partially covered in large bone plates (AC +2, SH +2).
You sometimes gain a little power by taking damage.
You are immune to rotting.


Message History

The bat zombie misses you.
The bat zombie hits you but does no damage.
The bat zombie misses you.
The bat zombie hits you but does no damage. x2
Shadows whirl around the killer bee...
The bat zombie closely misses you. The killer bee barely misses you.
There is an open door here.
The bat zombie hits you but does no damage.
The bat zombie completely misses you. The bat zombie misses you.
The orc priest invokes the aid of Beogh against you.
Something smites you!
* * * LOW HITPOINT WARNING * * *
The bat zombie hits you but does no damage.
There is an escape hatch in the ceiling here.
The bat zombie closely misses you.
The bat zombie hits you but does no damage.
The orc priest mumbles some strange prayers to Beogh against you.
Something smites you!
You die...

#.....####'### #........
#.....##>...## #........
#.....^..Y...# #....##+#
#......Z.r..##########.... .+
#.....##.Byc#..?......##'# .#
#.....##..yo#.........'..###'#
#.........y.yy........#..##..#
#...........#Zy.......#..##...
#.....##....#1........##'##...
.....##....#.........#..#....
....'.....'.........#..'....
.#.....#......%.....#.)..
#####'#...........###)##
..##.(...########.##
....#.....# #......
....'.....# #...... ##'#.....#
##..###


You could see a sky beast, a centaur, 4 killer bees, an orc priest, a bat zombie
and a rat.

Vanquished Creatures
  Edmund (D:6)
  A phantom (D:4)
  A sky beast (D:4)
  A centaur (D:6)
  An ogre (D:4)
  Sigmund (D:2)
  The ghost of ConnectionFaild the Unlucky Spriggan, an average SpAr of Nemelex Xobeh (D:3)
  A scorpion (D:4)
  6 crimson imps
  A giant frog zombie (D:5)
  2 hounds (D:5)
  4 orc wizards
  Natasha (thrice) (D:3)
  4 orc priests
  2 worker ants
  Ijyb (D:5)
  A worker ant zombie (D:5)
  7 adders
  10 gnolls
  A giant mite (D:4)
  4 worms
  5 giant geckos
  15 orcs
  A ball python (D:4)
  11 bats
  11 goblins
  12 hobgoblins
  14 kobolds
  4 quokkas
  5 giant cockroaches
  8 giant newts
  8 jackals
  A jackal skeleton (D:4)
  10 rats
159 creatures vanquished.

Notes
Turn   | Place    | Note
--------------------------------------------------------------
     0 | D:1      | mauris, the Demonspawn Gladiator, began the quest for the Orb.
     0 | D:1      | Reached XP level 1. HP: 16/16 MP: 1/1
   105 | D:1      | Reached skill level 3 in Maces & Flails
   278 | D:1      | Gained mutation: You sometimes gain a little power by taking damage. [demonic ancestry]
   278 | D:1      | Reached XP level 2. HP: 11/22 MP: 2/2
   921 | D:1      | HP: 1/22 [giant gecko (1)]
   927 | D:1      | Gained mutation: You are immune to rotting. [demonic ancestry]
   927 | D:1      | Reached XP level 3. HP: 11/27 MP: 3/3
  1211 | D:2      | Found a white marble altar of Elyvilon.
  1326 | D:2      | Reached skill level 4 in Maces & Flails
  1895 | D:2      | Noticed Sigmund
  2060 | D:3      | Reached XP level 4. HP: 31/33 MP: 4/4
  2381 | D:3      | Noticed Natasha
  2392 | D:3      | Killed Natasha
  2392 | D:3      | Reached skill level 5 in Maces & Flails
  2629 | D:3      | Noticed ConnectionFaild's ghost (average SpAr)
  2647 | D:3      | Killed ConnectionFaild's ghost
  2647 | D:3      | Gained mutation: You have large cloven feet. [demonic ancestry]
  2647 | D:3      | Reached XP level 5. HP: 25/38 MP: 5/5
  3062 | D:3      | Noticed Natasha
  3070 | D:3      | Killed Natasha
  3126 | D:3      | Noticed Natasha
  3137 | D:3      | Reached skill level 6 in Maces & Flails
  3144 | D:3      | Killed Natasha
  3507 | D:2      | Killed Sigmund
  3507 | D:2      | Reached XP level 6. HP: 17/44 MP: 6/6
  3633 | D:2      | Found a sacrificial altar of Ru.
  3854 | D:4      | Found Tiukay's Gadget Shoppe.
  4152 | D:4      | Reached skill level 7 in Maces & Flails
  4159 | D:4      | Got an ivory long sword
  4160 | D:4      | Identified the +2 long sword "Secret Weapon" {slice, -Tele rElec rF+ Int+4} (You found it on level 4 of the Dungeon)
  4193 | D:4      | Gained mutation: You are partially covered in large bone plates (AC +2, SH +2). [demonic ancestry]
  4193 | D:4      | Reached XP level 7. HP: 23/50 MP: 7/7
  4654 | D:4      | Reached skill level 8 in Maces & Flails
  4822 | D:4      | Found Psaacaqe's Assorted Antiques.
  4982 | D:4      | Found Qachai's Book Shop.
  5020 | D:4      | Found Giniptia's General Store.
  5031 | D:4      | Bought a potion of curing for 30 gold pieces
  5094 | D:4      | Reached skill level 1 in Long Blades
  5231 | D:5      | Entered Level 5 of the Dungeon
  5231 | D:5      | Noticed Ijyb
  5246 | D:5      | Killed Ijyb
  5478 | D:5      | Reached XP level 8. HP: 35/56 MP: 8/8
  6148 | D:6      | Noticed Edmund
  6168 | D:6      | Killed Edmund
  6168 | D:6      | Reached skill level 5 in Long Blades
  6300 | D:6      | Found a staircase to the Ecumenical Temple.
  6508 | Temple   | Entered the Ecumenical Temple
  6571 | Temple   | Became a worshipper of Makhleb the Destroyer
  7849 | D:6      | Killed from afar by an orc priest

Action                   |  1- 3 |  4- 6 |  7- 9 || total
-------------------------+-------+-------+-------++-------
Melee: Flail             |   158 |   157 |       ||   315
       Long sword        |       |     2 |   266 ||   268
       Whip              |       |       |    88 ||    88
 Fire: Blowgun           |       |       |    13 ||    13
Throw: Throwing net      |     1 |     6 |     3 ||    10
Evoke: Wand              |       |     2 |     1 ||     3
  Use: Potion            |     3 |     2 |     1 ||     6
       Scroll            |     9 |       |     6 ||    15
 Stab: Held in net/web   |     1 |     1 |       ||     2
  Eat: Chunk             |     4 |     7 |    12 ||    23

Vault maps used:
D:1:      saegor_arrival_miasma
D:2:      lemuel_crystal_altar, lemuel_doored_altar, first_bread, uniq_sigmund
D:3:      kennysheep_six_static_rooms, nicolae_overflow_hidden_temple,
          uniq_natasha
D:4:      serial_shops, kennysheep_little_box, shop, shop, shop
D:5:      minmay_strange_pillars, bh_walls_and_bars, uniq_iyjb
D:6:      gammafunk_temple_overflow_elements, minmay_temple_entry_large_hall,
          kennysheep_generic_room_15, uniq_edmund
Temple:   zaba_magenta_temple_12
